 Dungeon Crawl Stone Soup version 0.31-a0-750-gfe7b580527 (webtiles) character file.

Game seed: 4444004051988935151

65 Newt the Trooper (level 3, 0/45 HPs)
             Began as a Demonspawn Gladiator on Sept 14, 2023.
             Frozen to death by an endoplasm (2 damage)
             ... on level 2 of the Dungeon.
             The game lasted 00:01:01 (1410 turns).

Newt the Trooper (Demonspawn Gladiator)             Turns: 1410, Time: 00:01:01

Health: 0/45       AC: 21    Str: 22    XL:     3   Next: 94%
Magic:  3/3        EV:  2    Int:  9    God:
Gold:   73         SH:  4    Dex: 16    Spells: 2/2 levels left

rFire   . . .        a - +0 rapier
rCold   . . .        l - +0 buckler
rNeg    . . .        b - melded +0 leather armour
rPois   +            c - melded +0 helmet
rElec   .            (cloak currently unavailable)
rCorr   .            (gloves currently unavailable)
SInv    .            (boots currently unavailable)
Will    .....        (no amulet)
Stlth   ++           h - +6 ring of strength
HPRegen 0.27/turn    (no ring)
MPRegen 0.08/turn

%: no passive effects
@: lethally poisoned (0 -> -1), tree-form
A: stationary, stasis, torment immunity, boosted hp, thin skeletal structure 1
a: no special abilities


You were on level 2 of the Dungeon.
You were a tree.
You visited 1 branch of the dungeon, and saw 2 of its levels.

You collected 73 gold pieces.

Inventory:

Hand Weapons
 a - a +0 rapier (weapon)
Missiles
 d - 3 throwing nets (quivered)
Armour
 b - a +0 leather armour (melded)
 c - a +0 helmet (melded)
 l - a +0 buckler (worn)
Jewellery
 h - a +6 ring of strength (left branch)
Potions
 g - a potion of brilliance {unknown}
 i - a potion of heal wounds {unknown}
 k - a potion of mutation {unknown}
 m - a potion of attraction {unknown}


   Skills:
 + Level 4.3 Fighting
 - Level 2.6 Short Blades
 - Level 1.7 Throwing
 - Level 2.6 Dodging


You had 2 spell levels left.
You didn't know any spells.
Your spell library was empty.

Dungeon Overview and Level Annotations

Branches:
Dungeon (2/15)

Altars:


Innate Abilities, Weirdness & Mutations

You are a tree.
Your roots penetrate the ground, keeping you stationary.
You cannot be teleported.
You are immune to unholy pain and torment.
Your maximum health is greatly increased.
Your equipment is partially melded.
You have a somewhat thin skeletal structure. (Dex +2, Stealth+)


Message History

You are too injured to fight recklessly!
You are too injured to fight recklessly!
Unknown command.
Throw: javelin
Press: ? - help, Shift-Dir - straight line, f - adder
Aim: an adder (almost dead, 40% to hit)
You throw a javelin. The javelin closely misses the adder.
The javelin pierces through the endoplasm.
The endoplasm is heavily wounded.
The adder bites you. x2
* * * LOW HITPOINT WARNING * * *
You are poisoned.
The adder poisons you!
Unknown command.
You miss the adder.
The adder is almost dead.
* * * LOW HITPOINT WARNING * * *
You feel sick. The adder closely misses you. The adder bites you.
* * * LOW HITPOINT WARNING * * *
Unknown command.
It was a potion of lignification.
You turn into a tree.
Your +0 helmet melds into your body.
Your +0 leather armour melds into your body.
Your roots penetrate the ground.
* * * LOW HITPOINT WARNING * * *
You feel sick. The adder bites you but does no damage.
Okay, then.
You miss the adder.
The adder is almost dead.
You feel sick.
The adder bites you but does no damage. x2
Unknown command.
You hit the adder.
You kill the adder!
You feel sick.
You hit the endoplasm but do no damage.
The endoplasm is heavily wounded.
You feel sick. The endoplasm freezes you.
You are frozen.
You die...

,,,,,,,,,..........#......##+####
*********#......(..#......##.###.
,,,,,,,,,+.........#......##...')
*********#.........#......##..###
#....)....#.............
#.$....(..#.............
*********#.........#.............
,,,,,,,,,,,****#J#*#######.......
******,***,* #♣# #.......
,,,,,,,,,*,* #.# #.......
******,*,*,* #.# #....... *,*,*,*
#.# ###'#### *,*,*,* #.# #.#
*,*,*,* #.# #.# ******,*,*,* #.#
#.# ,,>,,,,*,*,* #.# #.#
********,*,* #.# #.#


You could see an endoplasm.

Vanquished Creatures
  A gnoll (D:1)
  2 adders (D:2)
  3 dart slugs
  3 endoplasms
  2 hobgoblins (D:1)
  7 quokkas (D:1)
  4 ball pythons
  2 bats
  2 frilled lizards
  A giant cockroach (D:2)
  2 goblins
  3 kobolds
  2 rats (D:2)
34 creatures vanquished.

Notes
Turn   | Place    | Note
-------+----------+-------------------------------------------
     0 | D:1      | Newt the Demonspawn Gladiator began the quest for the Orb.
     0 | D:1      | Reached XP level 1. HP: 16/16 MP: 1/1
   312 | D:1      | Gained mutation: You have a somewhat thin skeletal
                  | structure. (Dex +2, Stealth+) [demonic ancestry]
   312 | D:1      | Reached XP level 2. HP: 20/23 MP: 2/2
   409 | D:1      | Reached skill level 3 in Fighting
   902 | D:1      | Reached XP level 3. HP: 28/30 MP: 3/3
  1173 | D:2      | Reached skill level 4 in Fighting
  1410 | D:2      | HP: 2/45 [poisoned by an adder]
  1410 | D:2      | Frozen to death by an endoplasm

Illustrated notes

Levels and vault maps discovered:
D:1:      dpeg_arrival_line_fractal, layout_basic, corexii_leaking_fountain
D:2:      minmay_chambers_of_twos, layout_basic,
          nicolae_ecumenical_snake_handling

Skill      XL: |  1  2  3 |
---------------+----------+-----
Fighting       | 3 4 |  4.3
Short Blades   | |  2.6
Throwing       | |  1.7
Dodging        | |  2.6

Action                     || total
---------------------------++-------
  Melee: Rapier            ||   113
  Throw: Javelin           ||     1
    Use: Scroll            ||     3
         Potion            ||     1
   Stab: Sleeping          ||     6
 Armour: Leather armour    ||    64
         Skin              ||     3
  Dodge: Dodged            ||    66
  Block: Buckler           ||    11

Table legend: (Time is in decaauts)
 A = Elapsed time spent in this place.
 B = Non-inter-level travel time spent in this place.
 C = Inter-level travel time spent in this place.
 D = Time resting spent in this place.
 E = Time spent auto-exploring this place.
 F = Levels seen in this place.
 G = Mean time per level.
                   A        B        C        D        E       F      G
               +--------+--------+--------+--------+--------+-----+--------+
         Total |   1417 |   1376 |     41 |    294 |    851 |   2 |  708.5 |
       Dungeon |   1417 |   1376 |     41 |    294 |    851 |   2 |  708.5 |
               +--------+--------+--------+--------+--------+-----+--------+

Top non-repeatable levels by time:
     D:1: 968 daAuts
     D:2: 449 daAuts
